Map: Frost LE

Players

Nemesis - Winner!

  • Race: Zerg Zerg
  • League: Gold
  • Spawn Location: 1:00

Fropez

  • Race: Protoss Protoss
  • League: Gold
  • Spawn Location: 7:00

VOD

Have the link to the VOD?

Description

Time

  • Played on: Nov. 7, 2016, 12:43 p.m.
  • Length: 2:12
Show
View Real Time Build Order
Export as new Build Order

Nemesis Zerg - Winner!

Build Orders: Pool First 

Get SALT Encoding   

  12  0:02  Drone  
  13  0:23  Spawning Pool  
  13  0:26  Drone  
  13  0:30  Drone  
  14  0:40  Overlord  
  14  0:46  Extractor, Drone  
  15  1:09  Queen  
  15  1:10  Zergling x4  
  15  1:11  Zergling x2  
  20  1:23  Drone  
  21  1:38  Hatchery  
  20  1:51  Extractor  
  21  1:57  Drone  
Show
View Real Time Build Order
Export as new Build Order

Fropez Protoss 

Build Orders:  

Get SALT Encoding   

  12  0:00  Probe (Chrono Boost)  
  13  0:11  Probe (Chrono Boost)  
  14  0:17  Pylon  
  14  0:23  Probe (Chrono Boost)  
  15  0:36  Probe (Chrono Boost)  
  15  0:37  Gateway  
  16  0:45  Assimilator  
  16  0:46  Probe (Chrono Boost)  
  18  0:57  Probe (Chrono Boost)  
  18  1:02  Gateway  
  19  1:11  Probe (Chrono Boost)  
  19  1:22  Probe (Chrono Boost)  
  20  1:27  Pylon  
  20  1:32  Probe (Chrono Boost)  
  21  1:46  Nexus  
  20  2:07  Gateway  
Tags
 
League
GoldGold
Matchup
PvZ
Opening
Pool First
Replay Pack
All Mines
Spawn Locations
Cross Positions
Add a new tag
Caveats
  • Supply blocks, unpowered buildings, or Contaminate may cause inaccurate times.
  • Supply counts are checked every 10 seconds.